 Dungeon Crawl Stone Soup version 0.31.0-32-g396128a36d (webtiles) character file.

Game seed: 8726004576708242812

686609 nitefall the Invulnerable (level 27, -16/273 HPs)
             Began as a Minotaur Berserker on Mar 13, 2024.
             Was the Champion of Trog.
             Demolished by an Orb Guardian (25 damage)
             ... on level 5 of the Realm of Zot.
             The game lasted 03:43:00 (59130 turns).

nitefall the Invulnerable (Minotaur Berserker)     Turns: 59130, Time: 03:43:01

Health: -16/273    AC: 42    Str: 33    XL:     27
Magic:  22/22      EV: 23    Int:  6    God:    Trog [******]
Gold:   3821       SH: 34    Dex: 19    Spells: 26/26 levels left

rFire   + + .        Y - +16 obsidian axe {drain, demonic, Mesm ^Drain Fly SInv}
rCold   + . .        x - +8 tower shield {reflect}
rNeg    + + +        I - +0 crystal plate armour of the Eight Boll Weevils {Regen+}
rPois   +            M - +0 hat of Lugonu's Reproof {rPois rN++ rCorr Str+2}
rElec   .            c - +0 cloak of Insurance {rF+ Will+ Stlth+}
rCorr   +            X - +1 pair of gloves of the Doomed God {rN+ Stlth+}
SInv    +            Z - +3 pair of seven-league boots {Rampage+∞}
Will    +++++        W - amulet "Aluyz" {Harm Regen+ Dex+4 Slay+2} Stlth
                     O - ring "Duinaus" {rPois rC+ Will+ rCorr}
HPRegen 3.25/turn    g - ring of the Furies {rF+ rN+ Str+2 Int+2 Stlth+}
MPRegen 0.18/turn

%: harm (+30% outgoing, +20% incoming), reflection, clarity, rampage+∞
@: strong-willed, flying, mesmerised, regenerating, hasted and slowed, studying
Maces & Flails
A: horns 2, retaliatory headbutt, clarity, clumsy 1, deterioration 1, sense
surroundings 1, poison resistance, shaggy fur 1, inability to drink after injury
1, inability to read after injury 1, MP-powered wands
}: 3/15 runes: serpentine, barnacled, silver
a: Renounce Religion, Berserk, Trog's Hand, Brothers in Arms


You were on level 5 of the Realm of Zot.
You worshipped Trog.
Trog was exalted by your worship.
You visited 11 branches of the dungeon, and saw 51 of its levels.
You visited 1 bazaar.
You also visited: Gauntlet, Volcano and Wizlab.

You collected 9758 gold pieces.
You spent 5937 gold pieces at shops.

Inventory:

Hand Weapons
 n - the +8 trishula "Condemnation" {holy, anguish, *Noise Fly rN+}
   (You acquired it on level 4 of the Depths)

   rN+:       It protects you from negative energy.
   Fly:       It grants you flight.
   *Noise:    It may make a loud noise when swung.
 Y - the +16 obsidian axe (weapon) {drain, demonic, Mesm ^Drain Fly SInv}
   (Trog gifted it to you on level 5 of the Lair of Beasts)

   Mesm:      Its wielder is mesmerised by any visible foes, and it cannot be
   unequipped while any foes are visible.
   SInv:      It lets you see invisible.
   Fly:       It grants you flight.
   ^Drain:    It drains your maximum health when unequipped.
Missiles
 t - 10 javelins
 y - 72 boomerangs
 B - 17 silver javelins (quivered)
 G - 10 darts of dispersal
Armour
 c - the +0 cloak of Insurance (worn) {rF+ Will+ Stlth+}
   (You acquired it on level 13 of the Dungeon)

   rF+:       It protects you from fire.
   Will+:     It increases your willpower.
   Stlth+:    It makes you more stealthy.
 x - a +8 tower shield of reflection (worn)
 I - the +0 crystal plate armour of the Eight Boll Weevils (worn) {Regen+}
   (You acquired it on level 14 of the Dungeon)

   Regen+:    It increases your rate of health regeneration.
 L - the +4 pearl dragon scales "Hakhogus" {rN+ Will+}
   (You bought it in a shop on level 2 of the Orcish Mines)

   rN+:       It protects you from negative energy.
   Will+:     It increases your willpower.
 M - the +0 hat of Lugonu's Reproof (worn) {rPois rN++ rCorr Str+2}
   (You found it in a wizard's laboratory)

   Str+2:     It affects your strength (+2).
   rPois:     It protects you from poison rN++: It greatly protects you from
   negative energy.
   rCorr:     It protects you from acid and corrosion.
 X - the +1 pair of gloves of the Doomed God (worn) {rN+ Stlth+}
   (You found it on level 3 of the Realm of Zot)

   rN+:       It protects you from negative energy.
   Stlth+:    It makes you more stealthy.
 Z - the +3 pair of seven-league boots (worn) {Rampage+∞}
   (You found it on level 5 of the Lair of Beasts)

   Rampage+∞: When moving toward enemies, its wearer moves as far as possible,
   alerting their target en route.
Jewellery
 a - the ring of the Lotus Blossom {*Slow rElec rN+ Dex+3 Stlth+}
   (You found it on level 5 of the Lair of Beasts)

   [ring of positive energy]

   Dex+3:     It affects your dexterity (+3).
   rElec:     It insulates you from electricity.
   rN+:       It protects you from negative energy.
   *Slow:     It may slow you when you take damage.
   Stlth+:    It makes you more stealthy.
 g - the ring of the Furies (right hand) {rF+ rN+ Str+2 Int+2 Stlth+}
   (You found it on level 1 of the Vaults)

   [ring of positive energy]

   Str+2:     It affects your strength (+2).
   Int+2:     It affects your intelligence (+2).
   rF+:       It protects you from fire.
   rN+:       It protects you from negative energy.
   Stlth+:    It makes you more stealthy.
 v - the ring of Past Mistakes {rC++ EV+5 Dex+3}
   (You found it on level 4 of the Shoals)

   [ring of evasion]

   EV+5:      It affects your evasion (+5).
   Dex+3:     It affects your dexterity (+3).
   rC++:      It greatly protects you from cold.
 O - the ring "Duinaus" (left hand) {rPois rC+ Will+ rCorr}
   (You found it on level 12 of the Dungeon)

   [ring of protection from cold]

   rC+:       It protects you from cold.
   rPois:     It protects you from poison Will+: It increases your willpower.
   rCorr:     It protects you from acid and corrosion.
 W - the amulet "Aluyz" (around neck) {Harm Regen+ Dex+4 Slay+2}
   (You bought it in a shop on level 3 of the Depths)

   [amulet of regeneration]

   Dex+4:     It affects your dexterity (+4).
   Slay+2:    It affects your accuracy & damage with ranged weapons and melee
   (+2).
   Regen+:    It increases your rate of health regeneration.
   Harm:      It increases damage dealt and taken.
Wands
 f - a wand of charming (54)
 m - a wand of digging (8)
 w - a wand of iceblast (47)
 A - a wand of polymorph (38)
 C - a wand of acid (29)
 H - a wand of flame (111)
 P - a wand of mindburst (19)
Scrolls
 e - 8 scrolls of enchant armour
 k - 3 scrolls of revelation
 p - 2 scrolls of butterflies
 r - 23 scrolls of teleportation
 s - 6 scrolls of poison
 z - 5 scrolls of silence
 D - 11 scrolls of blinking
 J - 4 scrolls of immolation
 R - 3 scrolls of enchant weapon
 T - 2 scrolls of brand weapon
 U - 8 scrolls of fog
 V - 2 scrolls of fear
Potions
 b - a potion of ambrosia
 d - 22 potions of curing
 h - 6 potions of enlightenment
 j - 10 potions of invisibility
 l - 9 potions of lignification
 o - 7 potions of might
 q - 14 potions of haste
 u - 8 potions of heal wounds
 E - 13 potions of attraction
 F - 6 potions of resistance
 K - 5 potions of cancellation
 N - a potion of mutation
 Q - 6 potions of berserk rage
Miscellaneous
 i - a phantom mirror
 S - the horn of Geryon


   Skills:
 O Level 27 Fighting
 + Level 24.7(26.4) Axes
 - Level 5.4(17.2) Maces & Flails
 - Level 16.0(22.1) Polearms
 - Level 8.0 Throwing
 O Level 27 Armour
 O Level 27 Dodging
 O Level 27 Shields
 - Level 8.0 Evocations


You had 26 spell levels left.
You didn't know any spells.
Your spell library contained the following spells:

 Spells                   Type           Power      Damage    Failure   Level
 Blink                    Tloc           0%         N/A       98%         2
 Lesser Beckoning         Tloc           0%         N/A       98%         2
 Teleport Other           Tloc           0%         N/A       100%        3


Dungeon Overview and Level Annotations

Branches:
Dungeon (15/15)            Temple (0/1) D:5            Lair (5/5) D:10
 Shoals (4/4) Lair:2        Snake (4/4) Lair:2        Slime (0/5) Lair:5
    Orc (2/2) D:9             Elf (3/3) Orc:2        Vaults (5/5) D:14
  Crypt (3/3) Vaults:3       Tomb (0/3) Crypt:3      Depths (4/4) D:15
   Hell (visited)             Dis (0/7) Hell            Geh (0/7) Hell
    Coc (0/7) Hell            Tar (0/7) Hell            Zot (5/5) Depths:4
Volcano (visited)          WizLab (visited)         Gauntlet (visited)

Altars:
Dithmenos
Elyvilon
Fedhas
Gozag
Hepliaklqana
Kikubaaqudgha
Nemelex Xobeh
Ru
Sif Muna
Uskayaw
Wu Jian
Xom
The Shining One
Jiyva
Lugonu

Shops:
D:8 (   D:9 ([   D:13 **   Orc:2 !([[   Elf:1 :   Elf:3 ?[[(?=   Snake:2 (
Snake:3 *   Vaults:1 ![   Vaults:4 (   Vaults:5 ????!   Depths:1 !
Depths:3 ==:   Depths:4 (*

Portals:
Hell: Depths:1 Depths:2 Depths:3 Depths:4
Abyss: Depths:3
Pandemonium: Depths:2 Depths:4
Ziggurat: Depths:2

Annotations:
Zot:3 3 transporters


Innate Abilities, Weirdness & Mutations

You have a pair of horns on your head.
You reflexively headbutt those who attack you in melee.
You possess an exceptional clarity of mind.
You are clumsy. (Dex -2)
Your body sometimes deteriorates upon taking damage.
You passively map a small area around you.
Your system is resistant to poisons. (rPois)
You are covered in fur. (AC +1)
You occasionally lose the ability to drink potions when taking damage.
You occasionally lose the ability to read scrolls when taking damage.
You expend magic power (3 MP) to strengthen your wands.


Message History

The death cob misses you. The golden dragon misses you.
The golden dragon barely misses you.
The golden dragon completely misses you.
The Orb Guardian completely misses you.
Your soul eater misses the death cob.
The orb of fire glows bright magenta.
The bolt of fire hits you. You resist.
* * * LOW HITPOINT WARNING * * *
The moth of wrath misses you. You furiously retaliate!
You headbutt the moth of wrath!
Your ynoxinul gestures.
You feel much better.
Visions of slaying the death cob flood into your mind.
You block the death cob's attack. You block the Orb Guardian's attack.
The Orb Guardian hits you but does no damage.
You block the golden dragon's attack. The golden dragon closely misses you.
You block the golden dragon's attack. The death cob hits you.
* * * LOW HITPOINT WARNING * * *
The death cob drains your vigour!
You feel as though you will be slow longer.
Your ufetubus barely misses the death cob.
Your ufetubus hits the death cob but does no damage.
The Orb Guardian barely misses you.
The orb of fire glows yellow.
Strange energies course through your body.
You feel yourself wasting away. The Orb Guardian barely misses you.
You furiously retaliate!
You headbutt the Orb Guardian!
Your soul eater hits the death cob!
The moth of wrath completely misses you.
Your ufetubus completely misses the orb of fire.
Your ufetubus misses the orb of fire. The golden dragon bites you!
* * * LOW HITPOINT WARNING * * *
The golden dragon barely misses you. The golden dragon tramples you!
* * * LOW HITPOINT WARNING * * *
You hold your ground!
Your ufetubus misses the death cob.
Your ufetubus barely misses the death cob.
The death cob completely misses you. You furiously retaliate!
You headbutt the death cob!
Your ynoxinul gestures.
The Orb Guardian hits you!!
You die...

**,,,,,,,,,,,,,,,****
**.....##▓▓▓▓▓▓▓▓▓▓▓#
**,.....(.(.......§..###
**,,.........555..##.3..##
**,,,..........5....###.^.###
*,,,,.........!3.....*##.....
*,,,,.......X5345....# ##.5..
*,,,,...^..X*z5.5....# #...§
*,,,,.^....X@y.......# ##§4.
*,,^,......).D.......# #..3
*,,,,......^........,* ##...
**,,,...............** #....
**,,..............#* *#....
**,.............## #.....
**############## ###### ##
###.


You could see an orb of fire (ally target), a golden dragon (berserk, drained),
a death cob (mesmerising), 3 Orb Guardians, a moth of wrath, a friendly soul
eater (summoned), a friendly orange demon (summoned), a friendly ynoxinul
(summoned) and 8 friendly ufetubi.

Vanquished Creatures
  4 dread liches
  2 orbs of fire
  Mennas (Depths:4)
  5 ancient liches
  3 juggernauts (Depths:1)
  Sojobo (Vaults:2)
  The ghost of Icycared the Slayer, a master GrFi of Okawaru (Zot:2)
  2 Killer Klowns (Zot:4)
  the Lernaean hydra (D:12)
  A caustic shrike (Depths:2)
  Bai Suzhen (Shoals:3)
  7 curse toes
  Nikola (Snake:4)
  18 golden dragons
  Norris (Elf:1)
  An electric golem (Zot:3)
  A hellephant (Hell)
  Jorgrun (Orc:1)
  Zenata (Elf:1)
  Asterion (Elf:1)
  2 deep elf blademasters
  A tainted leviathan (Hell)
  16 tentacled monstrosities
  3 deep elf master archers (Elf:3)
  4 titans
  A walking divine tome (WizLab)
  5 liches
  Murray (Hell)
  7 sphinxes
  2 walking earthen tomes
  11 quicksilver dragons
  6 Orb Guardians (Zot:5)
  2 acid blobs (Zot:2)
  4 death cobs
  An ancient champion (Crypt:1)
  7 tengu reavers
  14 shadow dragons
  11 storm dragons
  Roxanne (Elf:1)
  A nagaraja (Snake:4)
  Donald (Elf:1)
  Ilsuiw (Shoals:2)
  4 revenants
  An azure jelly (Zot:2)
  7 draconian monks
  A rockslime (Zot:2)
  A daeva (Vaults:1)
  4 protean progenitors
  10 vault wardens
  4 draconian knights
  6 frost giants
  3 draconian shifters
  8 draconian scorchers
  18 fire giants
  12 deep elf sorcerers
  2 iron dragons
  5 deep elf elementalists (Elf:3)
  3 ghost moths
  2 curse skulls
  3 spectral caustic shrikes (Depths:2)
  9 ghouls
  9 draconian annihilators
  Louise (Shoals:2)
  3 cacodemons
  22 ironbound preservers
  2 orc warlords (Vaults:4)
  2 formless jellyfish (Vaults:1)
  A broodmother (Zot:2)
  9 stone giants
  4 spriggan defenders
  28 very ugly things
  4 ironbound thunderhulks
  10 green draconians
  3 quicksilver oozes (Zot:2)
  8 vampire knights
  7 black draconians
  6 deep elf death magi
  Nessos (Lair:3)
  10 deep elf demonologists
  2 putrid mouths (Hell)
  A minotaur (Gauntlet)
  9 deep elf annihilators (Elf:3)
  14 red draconians
  9 white draconians
  24 purple draconians
  7 spark wasps
  9 dire elephants
  3 iron golems (Hell)
  5 war gargoyles
  10 yellow draconians
  3 eidola
  2 blizzard demons (Hell)
  12 ettins
  7 merfolk javelineers
  An entropy weaver (Vaults:5)
  6 merfolk impalers
  18 yaktaur captains
  5 deep elf high priests
  17 fire dragons
  10 jiangshi
  2 spriggan zombies
  33 vault guards
  Fannar (Lair:2)
  A quicksilver dragon skeleton (Crypt:3)
  A peacekeeper (Vaults:3)
  7 great orbs of eyes
  10 rakshasas
  3 salamander tyrants (Snake:4)
  4 merfolk avatars
  4 catoblepae
  An ogre mage (D:10)
  8 hydras
  8 centaur warriors
  12 anacondas
  An alligator snapping turtle (Shoals:2)
  5 ice dragons
  8 two-headed ogres
  5 ironbound frosthearts
  6 boulder beetles
  32 dancing weapons
  4 ghost crabs (Crypt:3)
  6 spriggan air magi
  An Orb Guardian skeleton (Crypt:2)
  12 deep troll shamans
  2 merfolk aquamancers (Shoals:4)
  6 death yaks
  3 hell hogs (Hell)
  4 satyrs
  6 tengu warriors
  6 vampire magi
  2 occultists (Depths:1)
  2 orc high priests
  6 deep troll earth magi
  5 soul eaters (Hell)
  4 spriggan berserkers
  13 naga warriors
  A spectral dire elephant (Lair:5)
  5 sun demons
  A thrashing horror (Gauntlet)
  A spriggan (Depths:2)
  4 shock serpents
  18 deep elf knights
  7 naga sharpshooters
  16 hell knights
  The ghost of ChadusMaximus the Summoner, a novice BaSu of Hepliaklqana (D:9)
  14 iron trolls
  19 skeletal warriors
  8 flayed ghosts
  2 sixfirhies (Gauntlet)
  7 sea snakes
  3 death drakes (Depths:4)
  66 deep trolls
  A mana viper (shapeshifter) (Elf:2)
  7 skysharks
  A spectral anaconda (Lair:5)
  A deep troll (shapeshifter) (Depths:3)
  A titan skeleton (Crypt:2)
  10 deep elf archers
  A bunyip zombie (Hell)
  5 mana vipers
  A bog body (Crypt:2)
  6 arcanists
  4 naga ritualists
  A bunyip skeleton (Crypt:3)
  7 glowing orange brains
  16 ironbound convokers
  15 lindwurms
  6 orc knights
  An obsidian statue (Lair:5)
  An anaconda skeleton (Crypt:3)
  13 necromancers
  Pikel (D:7)
  An alligator zombie (Crypt:2)
  28 deep elf zephyrmancers
  20 phantasmal warriors
  2 orc sorcerers
  24 harpies
  16 fauns
  24 deep elf pyromancers
  An oklob plant (Lair:3)
  17 manticores
  37 ugly things
  7 cyclopes
  2 meliai (D:13)
  13 salamanders
  A meliai (shapeshifter) (D:15)
  21 moths of wrath
  3 merfolk sirens
  A stone giant skeleton (Crypt:3)
  18 elephants
  4 kobold blastminers
  9 guardian serpents
  A spectral centaur (Gauntlet)
  21 naga magi
  2 ice statues (Hell)
  32 black mambas
  11 vault sentinels
  6 gargoyles
  A torpor snail (Zot:4)
  2 torpor snails (shapeshifter) (Vaults:5)
  2 rust devils (Hell)
  9 water nymphs
  12 cane toads
  A dire elephant skeleton (Crypt:3)
  3 smoke demons (Volcano)
  4 unseen horrors
  An unseen horror (shapeshifter) (D:15)
  Maggie (D:7)
  7 freezing wraiths
  A sea snake zombie (Hell)
  An orb spider zombie (Crypt:2)
  An elephant slug zombie (Crypt:1)
  26 yaktaurs
  2 efreet
  10 komodo dragons
  6 rime drakes
  A tengu conjurer (D:15)
  2 guardian mummies (Crypt:3)
  A steelbarb worm zombie (Crypt:1)
  6 kobold demonologists
  A komodo dragon (shapeshifter) (Vaults:5)
  2 yaktaurs (shapeshifter)
  An anaconda simulacrum (Hell)
  A harpy zombie (Hell)
  2 sea snake skeletons (Hell)
  18 merfolk
  A yellow draconian skeleton (Crypt:1)
  4 trolls
  A hydra skeleton (Hell)
  17 blink frogs
  A wolf spider simulacrum (D:15)
  5 dream sheep
  10 snapping turtles
  4 wind drakes
  2 tarantellas (shapeshifter)
  Prince Ribbit (D:5)
  5 hornets
  3 glass eyes (Depths:2)
  A spectral elephant (Lair:5)
  A harpy skeleton (Crypt:3)
  18 slime creatures
  10 air elementals
  10 shadows
  Sigmund (D:4)
  3 vampires
  An ushabti (Crypt:3)
  21 water elementals
  6 fire dragon skeletons (Crypt:3)
  7 wraiths
  41 yaks
  13 humans (D:14)
  2 wargs (Orc:2)
  5 wyverns
  9 steam dragons
  Grum (D:11)
  2 basilisks
  4 fire elementals
  Menkaure (D:7)
  9 vampire mosquitoes
  2 swamp worms (shapeshifter)
  An acid dragon (D:8)
  A faun zombie (Crypt:2)
  47 nagas
  2 hell hounds (Volcano)
  Duvessa (D:5)
  14 water moccasins
  A sky beast (D:7)
  26 orc warriors
  An ice beast (D:6)
  A black bear (shapeshifter) (Elf:2)
  26 wolves
  2 small abominations (Gauntlet)
  A hog zombie (Crypt:2)
  5 ogres
  15 laughing skulls
  2 wolves (shapeshifter)
  10 centaurs
  A phantom (D:5)
  7 kobold brigands
  2 necrophages
  A salamander skeleton (Crypt:1)
  18 bullfrogs
  2 earth elementals
  3 scorpions
  A cane toad simulacrum (Lair:5)
  8 wights
  Dowan (D:5)
  A yak zombie (Crypt:2)
  16 killer bees
  A raiju zombie (Crypt:1)
  A raiju skeleton (Crypt:2)
  3 bombardier beetles (D:4)
  7 howler monkeys
  A lava snake (D:8)
  9 hounds
  3 gnoll boudas
  3 jellies
  11 orc priests
  A centaur skeleton (Crypt:1)
  An iguana (D:4)
  A spectral boggart (Gauntlet)
  A sleepcap (D:8)
  Ijyb (D:5)
  29 orc wizards
  8 hell rats
  A crocodile skeleton (Crypt:1)
  6 mummies (Crypt:3)
  A hound skeleton (Crypt:1)
  18 gnolls
  5 adders
  A shadow imp (Gauntlet)
  3 white imps
  An ufetubus (D:5)
  5 dart slugs
  3 ribbon worms
  73 orcs
  7 ball pythons
  3 bats
  10 endoplasms
  A giant cockroach (D:4)
  6 goblins
  5 hobgoblins
  29 kobolds
  5 quokkas
  2 frilled lizards (D:2)
  An orc skeleton (Crypt:1)
  4 rats
  4 aspiring fleshes
  2 fire vortices (Hell)
  4 spectral weapons
2236 creatures vanquished.

Vanquished Creatures (collateral kills)
  A juggernaut (Depths:1)
  An ancient lich (Depths:1)
  Geryon (Hell)
  Saint Roka (Orc:2)
  2 curse toes (Zot:3)
  5 tentacled monstrosities
  A quicksilver dragon (Vaults:5)
  Polyphemus (Shoals:2)
  A tengu reaver (Depths:1)
  A storm dragon (Vaults:5)
  A nagaraja (Snake:4)
  2 strange machines (WizLab)
  A revenant (Crypt:2)
  3 draconian monks
  A deep elf sorcerer (Elf:3)
  The ghost of purpleHaze the Lord of Darkness, an adept HuEE of Kikubaaqudgha (Elf:2)
  2 draconian shifters
  A draconian scorcher (Zot:4)
  4 vault wardens
  A draconian stormcaller (Zot:4)
  A draconian annihilator (Zot:3)
  An angel (Vaults:1)
  4 reapers (Hell)
  A cacodemon (Elf:2)
  3 very ugly things
  A caustic shrike skeleton (Crypt:3)
  A spriggan defender (Depths:3)
  3 ironbound preservers
  A stone giant (Depths:3)
  An ironbound thunderhulk (Vaults:4)
  A putrid mouth (Hell)
  A black draconian (Depths:4)
  A deep elf death mage (Vaults:5)
  A deep elf demonologist (Elf:2)
  3 vampire knights
  2 yellow draconians
  3 white draconians
  2 spark wasps (Depths:2)
  A war gargoyle (Crypt:3)
  A dire elephant (Lair:5)
  3 purple draconians (Depths:4)
  A blizzard demon (Elf:2)
  6 merfolk impalers
  The ghost of DildoBatman the Geomancer, a journeyman FoCj of Gozag (D:12)
  A merfolk javelineer (Shoals:2)
  A jiangshi (Crypt:2)
  A yaktaur captain (Vaults:4)
  2 salamander tyrants
  A great orb of eyes (Vaults:3)
  3 vault guards
  An ogre mage (Vaults:4)
  9 hydras
  An ironbound frostheart (Vaults:5)
  3 rakshasas
  3 anacondas
  An anaconda (shapeshifter) (Depths:2)
  A centaur warrior (Vaults:2)
  A naga warrior (Snake:2)
  4 dancing weapons
  A boulder beetle (D:14)
  A spriggan skeleton (Crypt:3)
  A satyr (Shoals:4)
  3 death yaks (Lair:1)
  A tengu warrior (D:15)
  2 deep troll earth magi
  A hell hog (Hell)
  2 deep troll shamans
  2 naga sharpshooters (Snake:4)
  A deep elf knight (Elf:2)
  2 hell knights
  A soul eater (Crypt:2)
  2 iron trolls (Depths:4)
  A skyshark (Shoals:3)
  2 skeletal warriors
  A death drake (Gauntlet)
  2 glowing orange brains
  2 salamander mystics
  2 mana vipers
  3 sea snakes
  2 arcanists
  A sea snake (shapeshifter) (Vaults:5)
  2 naga ritualists
  19 deep trolls
  2 lindwurms (Vaults:1)
  A flayed ghost (Depths:2)
  5 harpies
  4 deep elf archers
  3 ironbound convokers (Vaults:2)
  2 phantasmal warriors
  15 ugly things
  2 deep elf pyromancers (Elf:1)
  A cyclops (shapeshifter) (Elf:2)
  4 necromancers
  A manticore (Shoals:3)
  5 salamanders
  An elephant (Lair:5)
  3 fauns
  A kobold blastminer (Orc:1)
  A moth of wrath (Zot:4)
  3 merfolk sirens
  A meliai (D:13)
  2 slime creatures
  2 guardian serpents
  A torpor snail (Zot:4)
  An eye of devastation (Zot:2)
  2 rust devils (Hell)
  A vault sentinel (Vaults:2)
  13 black mambas
  5 naga magi
  An orange demon (Hell)
  2 rime drakes (Shoals:3)
  5 yaktaurs
  2 anaconda simulacra (Hell)
  2 tengu conjurers
  5 merfolk
  A polar bear (shapeshifter) (Elf:2)
  5 wind drakes
  A hydra skeleton (Hell)
  3 hornets
  2 dream sheep (Shoals:1)
  A blink frog (shapeshifter) (Elf:2)
  3 snapping turtles
  3 spriggans
  A wraith (Crypt:3)
  A water elemental (Shoals:4)
  A fire dragon skeleton (Crypt:2)
  A wyvern (shapeshifter) (Elf:2)
  An air elemental (Shoals:4)
  5 humans (D:14)
  2 steam dragons
  A small abomination (Gauntlet)
  11 nagas
  15 orc warriors
  2 centaurs (Orc:2)
  A kobold brigand (D:15)
  3 hell rats (Hell)
  A mummy (Crypt:3)
  4 orcs
  A creeping inferno (Hell)
335 creatures vanquished.

Vanquished Creatures (others)
  A tentacled monstrosity (Vaults:5)
  A lich (Vaults:5)
  A vault guard (Vaults:5)
  A naga ritualist (Snake:4)
  A guardian serpent (Snake:4)
  A naga mage (Snake:4)
  An air elemental (Shoals:4)
  2 nagas (Snake:4)
  An orc warrior (Orc:2)
  An orc (D:8)
11 creatures vanquished.

Grand Total: 2582 creatures vanquished

Notes
Turn   | Place    | Note
-------+----------+-------------------------------------------
     0 | D:1      | nitefall the Minotaur Berserker began the quest for the
                  | Orb.
     0 | D:1      | Reached XP level 1. HP: 19/19 MP: 0/0
   102 | D:1      | Found a faded altar of an unknown god.
   135 | D:1      | Reached XP level 2. HP: 27/27 MP: 1/1
   371 | D:1      | Reached skill level 1 in Throwing
   371 | D:1      | Reached XP level 3. HP: 18/33 MP: 2/2
  1137 | D:2      | Reached ** piety under Trog
  1263 | D:2      | Found a shimmering altar of Xom.
  1571 | D:2      | Reached XP level 4. HP: 33/40 MP: 3/3
  2917 | D:4      | Noticed Sigmund
  2924 | D:4      | Killed Sigmund
  2925 | D:4      | Reached XP level 5. HP: 47/47 MP: 4/4
  2925 | D:4      | Reached XP level 6. HP: 55/55 MP: 5/5
  2971 | D:4      | Reached skill level 5 in Fighting
  2971 | D:4      | Reached skill level 5 in Maces & Flails
  3186 | D:4      | Identified the +9 trident of Vestuer {protect, Str+3}
  3435 | D:4      | Reached XP level 7. HP: 61/61 MP: 6/6
  3474 | D:4      | Found an ancient bone altar of Kikubaaqudgha.
  3476 | D:4      | Found a hide-covered altar of Uskayaw.
  3479 | D:4      | Found a shimmering blue altar of Sif Muna.
  3851 | D:5      | Entered Level 5 of the Dungeon
  3900 | D:5      | Reached *** piety under Trog
  3931 | D:5      | Reached skill level 1 in Polearms
  3942 | D:5      | Noticed Ijyb
  3949 | D:5      | Killed Ijyb
  3991 | D:5      | Found a staircase to the Ecumenical Temple.
  4008 | D:5      | Reached skill level 5 in Armour
  4501 | D:5      | Noticed Duvessa
  4503 | D:5      | Noticed Prince Ribbit
  4505 | D:5      | Noticed Dowan
  4514 | D:5      | Killed Duvessa
  4515 | D:5      | Reached skill level 5 in Dodging
  4515 | D:5      | Reached XP level 8. HP: 70/70 MP: 7/7
  4517 | D:5      | Killed Dowan
  4529 | D:5      | Killed Prince Ribbit
  4572 | D:5      | Identified the +0 ring mail "Ratynn" {rF- Dex+4 Stlth+}
  4717 | D:6      | Found an opulent altar of Gozag.
  4934 | D:6      | Identified the +5 ring mail "Soegruor" {Fly}
  5374 | D:6      | Reached skill level 5 in Throwing
  5433 | D:7      | Noticed Maggie
  5442 | D:7      | Killed Maggie
  5443 | D:7      | Reached XP level 9. HP: 69/79 MP: 8/8
  5523 | D:7      | Noticed Menkaure
  5529 | D:7      | Killed Menkaure
  5530 | D:7      | Reached skill level 5 in Polearms
  5712 | D:7      | Identified the +1 ring mail of the Harp {rPois rF- Int+7}
  5731 | D:7      | Reached **** piety under Trog
  5872 | D:7      | Noticed Pikel
  5880 | D:7      | Killed Pikel
  6239 | D:7      | Reached XP level 10. HP: 85/88 MP: 9/9
  6441 | D:8      | Reached ***** piety under Trog
  6561 | D:8      | Found a sparkling altar of Nemelex Xobeh.
  6752 | D:8      | Found a white marble altar of Elyvilon.
  6752 | D:8      | Found a blossoming altar of Fedhas.
  7272 | D:8      | Found Ickaten's Antique Weapon Emporium.
  7431 | D:9      | Noticed a two-headed ogre
  7440 | D:9      | Killed a two-headed ogre
  7441 | D:9      | Reached skill level 10 in Polearms
  7677 | D:9      | Found Qati's Weapon Boutique.
  7744 | D:9      | Found a staircase to the Orcish Mines.
  7746 | D:9      | Found Satal's Armour Boutique.
  7758 | D:9      | Identified the +5 great sword of the Modern Lovers {flame,
                  | rPois rN+ Will- rCorr} (Trog gifted it to you on level 9 of
                  | the Dungeon)
  7758 | D:9      | Received a gift from Trog
  7771 | D:9      | Reached XP level 11. HP: 7/94 MP: 10/10
  8059 | D:9      | Found a runed translucent gate.
  8060 | D:9      | Found a runed translucent gate.
  8061 | D:9      | Found a runed translucent gate.
  8062 | D:9      | Noticed ChadusMaximus's ghost (novice BaSu)
  8062 | D:9      | Noticed a ten-headed hydra
  8325 | D:9      | Found a sacrificial altar of Ru.
  8418 | D:9      | Noticed a two-headed ogre
  8428 | D:9      | Killed a two-headed ogre
  9091 | D:9      | Noticed a lightning spire
  9094 | D:9      | Killed a ten-headed hydra
  9096 | D:9      | Killed ChadusMaximus's ghost
  9102 | D:9      | Identified the +3 war axe "Stringbean" {venom, rN+}
  9208 | D:10     | Entered Level 10 of the Dungeon
  9242 | D:10     | Identified the +1 war axe of the Jumping Gods {antimagic,
                  | rC+}
  9486 | D:10     | Found a staircase to the Lair.
  9496 | D:10     | Noticed a two-headed ogre
  9503 | D:10     | Killed a two-headed ogre
  9688 | D:10     | Noticed a deep elf pyromancer
  9705 | D:10     | Killed a deep elf pyromancer
  9706 | D:10     | Reached skill level 15 in Polearms
 10000 | D:10     | Noticed a soul eater
 10252 | D:10     | Received a gift from Trog
 10624 | D:10     | Noticed an ogre mage
 10662 | D:10     | Killed an ogre mage
 10663 | D:10     | Reached XP level 12. HP: 33/101 MP: 11/11
 10825 | D:10     | Reached skill level 1 in Shields
 10825 | D:10     | Reached skill level 1 in Evocations
 11156 | Lair:1   | Entered Level 1 of the Lair of Beasts
 11906 | Lair:1   | Noticed a death yak
 11906 | Lair:1   | Noticed a death yak
 11906 | Lair:1   | Noticed a death yak
 11908 | Lair:1   | Noticed a death yak
 11912 | Lair:1   | Killed a death yak
 11914 | Lair:1   | Killed a death yak
 11916 | Lair:1   | Killed a death yak
 11921 | Lair:1   | Killed a death yak
 12351 | Lair:2   | Found a staircase to the Shoals.
 12587 | Lair:2   | Noticed Fannar
 12601 | Lair:2   | Killed Fannar
 12602 | Lair:2   | Reached skill level 5 in Shields
 12737 | Lair:2   | Found a staircase to the Snake Pit.
 12851 | Lair:2   | Reached XP level 13. HP: 113/113 MP: 12/12
 13183 | Lair:2   | Received a gift from Trog
 13502 | Lair:3   | Reached skill level 10 in Fighting
 13505 | Lair:3   | Reached skill level 10 in Armour
 13636 | Lair:3   | Noticed Nessos
 13645 | Lair:3   | Killed Nessos
 14164 | Lair:3   | Reached skill level 10 in Dodging
 14433 | Lair:3   | Reached skill level 5 in Evocations
 16269 | Lair:5   | Entered Level 5 of the Lair of Beasts
 16367 | Lair:5   | Reached XP level 14. HP: 113/124 MP: 13/13
 16593 | Lair:5   | Found a hazy altar of Hepliaklqana.
 16795 | Lair:5   | Found a viscous altar of Jiyva.
 16796 | Lair:5   | Found a staircase to the Slime Pits.
 17644 | Lair:5   | Received a gift from Trog
 17644 | Lair:5   | Found the +16 obsidian axe {drain, demonic, Mesm ^Drain Fly
                  | SInv}
 17807 | Lair:5   | Found the +3 pair of seven-league boots {Rampage+∞}
 17814 | Lair:5   | Reached skill level 1 in Axes
 18075 | Lair:5   | Reached skill level 5 in Axes
 18241 | Lair:5   | Reached ****** piety under Trog
 18518 | Lair:5   | Identified the ring of the Lotus Blossom {*Slow rElec rN+
                  | Dex+3 Stlth+}
 18719 | Orc:1    | Entered Level 1 of the Orcish Mines
 18789 | Orc:1    | Reached skill level 10 in Axes
 18802 | Orc:1    | Noticed Jorgrun
 18812 | Orc:1    | Killed Jorgrun
 19321 | Orc:2    | Entered Level 2 of the Orcish Mines
 19361 | Orc:2    | Noticed Saint Roka
 19368 | Orc:2    | Killed Saint Roka
 19397 | Orc:2    | Found a staircase to the Elven Halls.
 19423 | Orc:2    | Reached XP level 15. HP: 55/132 MP: 14/14
 19430 | Orc:2    | Found Measeomp's Armour Shoppe.
 19430 | Orc:2    | Found Inujon's Weapon Shop.
 19430 | Orc:2    | Found Soriatt's Distillery.
 19434 | Orc:2    | Found Pileafet's Antique Armour Emporium.
 19528 | Orc:2    | Received a gift from Trog
 19541 | Orc:2    | Found a dark tunnel.
 19550 | Volcano  | Entered a volcano
 19997 | Orc:2    | Bought a shiny tower shield for 202 gold pieces
 20010 | Orc:2    | Bought 2 potions of heal wounds for 160 gold pieces
 20720 | D:11     | Noticed Grum
 20730 | D:11     | Killed Grum
 21521 | D:12     | Received a gift from Trog
 21544 | D:12     | Noticed DildoBatman's ghost (journeyman FoCj)
 21544 | D:12     | Identified the +1 great mace "Moci" {speed, rN++ rCorr
                  | Int-3}
 21552 | D:12     | Found a transporter.
 21558 | D:12     | Found a transporter.
 21583 | D:12     | Killed DildoBatman's ghost
 21595 | D:12     | Reached skill level 10 in Shields
 21595 | D:12     | Reached XP level 16. HP: 144/144 MP: 15/15
 21853 | D:12     | Found a runed translucent door.
 22344 | D:12     | Found a runed translucent door.
 22363 | D:12     | Found a runed translucent door.
 22363 | D:12     | Noticed the 27-headed Lernaean hydra
 22565 | D:12     | Killed the 26-headed Lernaean hydra
 22569 | D:12     | Identified the ring "Duinaus" {rPois rC+ Will+ rCorr}
 22572 | D:12     | Identified the +5 rapier of Hezueges {chaos, rN+ Str+2}
 22577 | D:12     | Identified the +2 helmet of Dramatic Exits {^Contam Str+8}
 22735 | D:13     | Found a gate leading to a gauntlet.
 22756 | Gauntlet | Entered a Gauntlet
 22756 | Gauntlet | Found a transporter.
 22768 | Gauntlet | Found a transporter.
 22771 | Gauntlet | Found a transporter.
 22772 | Gauntlet | Found a transporter.
 22778 | Gauntlet | Found a runed translucent gate.
 22780 | Gauntlet | Found a runed translucent gate.
 22780 | Gauntlet | Found a transporter.
 22782 | Gauntlet | Found a runed translucent gate.
 22783 | Gauntlet | Found a transporter.
 22784 | Gauntlet | Found a transporter.
 22788 | Gauntlet | Found a runed translucent door.
 22789 | Gauntlet | Found a runed translucent door.
 22792 | Gauntlet | Found a transporter.
 22795 | Gauntlet | Found a transporter.
 22796 | Gauntlet | Found a transporter.
 22807 | Gauntlet | Found a transporter.
 22807 | Gauntlet | Found a transporter.
 22808 | Gauntlet | Found a transporter.
 22816 | Gauntlet | Found a transporter.
 23055 | Gauntlet | Identified the amulet of Vekkoot {Faith rN++ Str-3 SInv
                  | Stlth+}
 23144 | Gauntlet | Identified the +1 helmet of Uddatt {rElec Slay+3}
 23146 | Gauntlet | Identified the +1 ring mail of Banunn {rC+}
 23153 | Gauntlet | Identified the +1 kite shield of Echox {rN+ Dex+3}
 23163 | Gauntlet | Got the Catalogue of the Blink Frog
 23223 | D:13     | Identified a scroll of acquirement
 23224 | D:13     | Acquired the +0 cloak of Insurance {rF+ Will+ Stlth+}
 23392 | D:13     | Reached XP level 17. HP: 143/152 MP: 16/16
 23450 | D:13     | Found Konets's Specific Store.
 23452 | D:13     | Found Keculas's General Store.
 23456 | D:13     | Bought a scroll of identify for 32 gold pieces
 24042 | Orc:2    | Bought a +2 hat for 224 gold pieces
 24240 | D:14     | Received a gift from Trog
 24425 | D:14     | Acquired a manual of Maces & Flails
 24429 | D:14     | Acquired 977 gold pieces
 24433 | D:14     | Acquired the +0 crystal plate armour of the Eight Boll
                  | Weevils {Regen+}
 24931 | D:14     | Found a gate to the Vaults.
 25130 | D:15     | Entered Level 15 of the Dungeon
 25182 | D:15     | Received a gift from Trog
 25349 | D:15     | Found a staircase to the Depths.
 25516 | D:15     | Reached skill level 15 in Fighting
 25519 | D:15     | Found a corrupted altar of Lugonu.
 25522 | D:15     | Reached skill level 15 in Armour
 25614 | D:15     | Found a shadowy altar of Dithmenos.
 25997 | Snake:1  | Entered Level 1 of the Snake Pit
 26311 | Snake:1  | Received a gift from Trog
 26528 | Snake:1  | Reached skill level 15 in Dodging
 27126 | Snake:2  | Reached XP level 18. HP: 166/166 MP: 17/17
 27312 | Snake:2  | Found Tvzc's Antique Weapon Shop.
 27636 | Snake:2  | You are sucked into a shaft and drop 1 floor!
 27883 | Snake:3  | Found Ter Varu's General Store.
 27891 | Snake:3  | Received a gift from Trog
 27908 | Snake:3  | Found a flickering gateway to a bazaar.
 27918 | Bazaar   | Entered a bazaar
 27931 | Bazaar   | Found Othobau's Magic Scroll Shoppe.
 27939 | Bazaar   | Bought a scroll of teleportation for 33 gold pieces
 27939 | Bazaar   | Bought a scroll of blinking for 82 gold pieces
 27951 | Bazaar   | Found Aligewk's Magic Scroll Shoppe.
 27971 | Bazaar   | Found Wipe's Distillery.
 28001 | Bazaar   | Found Fuv Buc's Distillery.
 28041 | Bazaar   | Bought a potion of heal wounds for 75 gold pieces
 28041 | Bazaar   | Bought a potion of experience for 750 gold pieces
 28041 | Bazaar   | Bought 2 potions of curing for 90 gold pieces
 28056 | Bazaar   | Bought a scroll of teleportation for 27 gold pieces
 28056 | Bazaar   | Bought a scroll of blinking for 67 gold pieces
 28056 | Bazaar   | Bought 2 scrolls of blinking for 135 gold pieces
 28056 | Bazaar   | Bought a scroll of blinking for 67 gold pieces
 28056 | Bazaar   | Bought a scroll of enchant armour for 67 gold pieces
 28091 | Bazaar   | Bought a potion of curing for 42 gold pieces
 28091 | Bazaar   | Bought a potion of resistance for 140 gold pieces
 28783 | Snake:4  | Entered Level 4 of the Snake Pit
 29252 | Snake:4  | Received a gift from Trog
 29510 | Snake:4  | Noticed Nikola
 29519 | Snake:4  | Killed Nikola
 29602 | Snake:4  | Got a serpentine rune of Zot
 30029 | Shoals:1 | Entered Level 1 of the Shoals
 30040 | Shoals:1 | Reached skill level 15 in Shields
 30303 | Shoals:1 | Received a gift from Trog
 30323 | Shoals:1 | Identified the granite talisman "Ozxidid" {rC- Will+ Int+5}
 30729 | Shoals:2 | Noticed Ilsuiw
 30817 | Shoals:2 | Reached XP level 19. HP: 165/177 MP: 18/18
 30862 | Shoals:2 | Killed Ilsuiw
 31151 | Shoals:2 | Noticed Louise
 31174 | Shoals:2 | Killed Louise
 31230 | Shoals:2 | Noticed Polyphemus
 31240 | Shoals:2 | Killed Polyphemus
 31681 | Shoals:2 | Reached XP level 20. HP: 187/187 MP: 19/19
 31723 | Shoals:3 | Received a gift from Trog
 31975 | Shoals:3 | Noticed Bai Suzhen
 31991 | Shoals:3 | Killed Bai Suzhen
 32691 | Elf:1    | Entered Level 1 of the Elven Halls
 32726 | Elf:1    | Paralysed by an air elemental for 1 turns
 32737 | Elf:1    | Received a gift from Trog
 32750 | Elf:1    | Noticed Asterion
 32764 | Elf:1    | Killed Asterion
 32859 | Elf:1    | Noticed Donald
 32871 | Elf:1    | Killed Donald
 32957 | Elf:1    | Found Nuicamp's Book Emporium.
 32991 | Elf:1    | Noticed Norris
 33002 | Elf:1    | Killed Norris
 33250 | Elf:1    | Noticed Zenata
 33265 | Elf:1    | Killed Zenata
 33355 | Elf:1    | Noticed Roxanne
 33368 | Elf:1    | Killed Roxanne
 33918 | Elf:2    | Received a gift from Trog
 33966 | Elf:2    | Found a runed translucent gate.
 33966 | Elf:2    | Found a runed translucent gate.
 33966 | Elf:2    | Found a runed translucent gate.
 34032 | Elf:2    | Reached XP level 21. HP: 198/198 MP: 20/20
 34039 | Elf:2    | Found a runed translucent gate.
 34039 | Elf:2    | Found a runed translucent gate.
 34043 | Elf:2    | Noticed purpleHaze's ghost (adept HuEE)
 34045 | Elf:2    | Found a runed translucent gate.
 34100 | Elf:2    | Killed purpleHaze's ghost
 34124 | Elf:2    | Identified the +2 robe of Hangman {rN+ rCorr Archmagi}
 34222 | Elf:2    | Identified the +0 pair of boots "Xaddezil" {+Blink rElec
                  | Str+2 Stlth-}
 34322 | Elf:2    | Found a runed translucent gate.
 34323 | Elf:2    | Found a runed translucent gate.
 34323 | Elf:2    | Found a runed translucent gate.
 34678 | Elf:2    | Received a gift from Trog
 34832 | Elf:3    | Entered Level 3 of the Elven Halls
 34877 | Elf:3    | Found The Oracle's Delphic Readings.
 34881 | Elf:3    | Bought a scroll of revelation for 127 gold pieces
 34939 | Elf:3    | Found Wunlokke's Antique Armour Shop.
 35002 | Elf:3    | Found Koor's Magic Scroll Shoppe.
 35005 | Elf:3    | Bought a scroll of teleportation for 39 gold pieces
 35133 | Elf:3    | Found Seskapug's Armour Emporium.
 35174 | Elf:3    | Found Tagey's Antique Weapon Shop.
 35205 | Elf:3    | Received a gift from Trog
 35221 | Elf:3    | Found Jipytsut's Jewellery Emporium.
 35831 | Elf:3    | Gained mutation: You are dopey. (Int -2) [a cacodemon]
 35831 | Elf:3    | Identified the +7 spear of the Hierophant {heavy, Int+3
                  | Dex+2}
 35831 | Elf:3    | Identified the ring of the Duchess {rF+ Str+4 SInv}
 36067 | Elf:3    | Received a gift from Trog
 36437 | Elf:3    | Identified the +2 falchion "Fuohojyl" {venom, rPois Dex+3}
 36447 | Elf:3    | Identified the +0 pair of boots of the Stonemason {rC+ MP+9
                  | Slay+2}
 36458 | Elf:3    | Found the +8 longbow "Zephyr" {speed, Dex+3 SInv}
 36459 | Elf:3    | Found the +5 scythe "Finisher" {speed, execute}
 36492 | Elf:3    | Identified the ring "Besoma" {Wiz SInv}
 36513 | Elf:3    | Identified the +7 long sword of Contention {vamp, *Rage rF+
                  | Dex+3}
 36521 | Elf:3    | Identified the ring "Jovelik" {+Blink rCorr AC+4 Dex-5}
 36986 | Shoals:4 | Entered Level 4 of the Shoals
 37080 | Shoals:4 | Paralysed by an air elemental for 1 turns
 37084 | Shoals:4 | Paralysed by an air elemental for 1 turns
 37095 | Shoals:4 | Reached XP level 22. HP: 185/211 MP: 21/21
 37112 | Shoals:4 | Received a gift from Trog
 37205 | Shoals:4 | Identified the ring of Past Mistakes {rC++ EV+5 Dex+3}
 37210 | Shoals:4 | Got a barnacled rune of Zot
 37211 | Shoals:4 | Identified the amulet of Aletalimn {Faith rN+}
 37265 | Shoals:4 | Paralysed by an air elemental for 1 turns
 37293 | Shoals:4 | Paralysed by an air elemental for 1 turns
 37355 | Shoals:4 | Paralysed by an air elemental for 1 turns
 37880 | Vaults:1 | Entered Level 1 of the Vaults
 38188 | Vaults:1 | Found Lunliotimp's Armour Boutique.
 38238 | Vaults:1 | Received a gift from Trog
 38607 | Vaults:1 | Found Cegin's Distillery.
 38652 | Vaults:1 | Found a runed translucent gate.
 38652 | Vaults:1 | Found a runed translucent gate.
 38652 | Vaults:1 | Found a runed translucent gate.
 38863 | Vaults:1 | Found a glowing golden altar of the Shining One.
 38882 | Vaults:1 | Identified the ring of the Furies {rF+ rN+ Str+2 Int+2
                  | Stlth+}
 38908 | Vaults:1 | Identified the +3 short sword "Ryisoto" {speed, rElec
                  | rPois}
 39212 | Vaults:2 | Received a gift from Trog
 39361 | Vaults:2 | Noticed Sojobo
 39381 | Vaults:2 | Paralysed by an air elemental for 1 turns
 39386 | Vaults:2 | Killed Sojobo
 39520 | Vaults:2 | Identified the +8 falchion "Spiderslayer" {elec, Will+
                  | Str+3}
 40223 | Vaults:3 | Received a gift from Trog
 40383 | Vaults:3 | Identified the +3 leather armour "Guwil" {rF++ Will+ rCorr
                  | Str+4}
 40447 | Vaults:3 | Reached XP level 23. HP: 222/222 MP: 22/22
 40658 | Vaults:3 | Found a staircase to the Crypt.
 41197 | Vaults:4 | Found Biwk's Weapon Boutique.
 41903 | Vaults:4 | Received a gift from Trog
 42463 | Depths:1 | Entered Level 1 of the Depths
 42747 | Depths:1 | Received a gift from Trog
 42748 | Depths:1 | Noticed a juggernaut
 42760 | Depths:1 | Killed a juggernaut
 42767 | Depths:1 | Noticed an ancient lich
 42776 | Depths:1 | Killed an ancient lich
 42800 | Depths:1 | Found a faded altar of an unknown god.
 42827 | Depths:1 | Noticed an ancient lich
 42828 | Depths:1 | Noticed a juggernaut
 42838 | Depths:1 | Killed an ancient lich
 42847 | Depths:1 | Killed a juggernaut
 42852 | Depths:1 | Identified the +3 trident of War {vamp, ^Fragile Fly rPois
                  | Str-5}
 42887 | Depths:1 | Noticed a juggernaut
 42903 | Depths:1 | Killed a juggernaut
 42946 | Depths:1 | Found a gateway to Hell.
 43184 | Depths:1 | Found a shimmering blue altar of Sif Muna.
 43192 | Depths:1 | Found Vegonop's Distillery.
 43198 | Depths:1 | Reached XP level 24. HP: 235/235 MP: 22/22
 43356 | Depths:1 | Noticed a juggernaut
 43366 | Depths:1 | Killed a juggernaut
 43420 | Depths:2 | Received a gift from Trog
 43590 | Depths:2 | Received a gift from Trog
 43778 | Depths:2 | Found Vyxtad's Distillery.
 43789 | Depths:2 | Bought a potion of haste for 110 gold pieces
 43789 | Depths:2 | Bought a potion of invisibility for 88 gold pieces
 43789 | Depths:2 | Bought a potion of heal wounds for 55 gold pieces
 43789 | Depths:2 | Bought a potion of might for 44 gold pieces
 43789 | Depths:2 | Bought a potion of curing for 33 gold pieces
 43789 | Depths:2 | Bought a potion of curing for 33 gold pieces
 43789 | Depths:2 | Bought 2 potions of berserk rage for 110 gold pieces
 44127 | Depths:2 | Found a one-way gate leading to the halls of Pandemonium.
 44269 | Depths:2 | Found a one-way gateway to a ziggurat.
 44669 | Depths:3 | Found a one-way gate to the infinite horrors of the Abyss.
 44755 | Depths:3 | Found a sparkling altar of Nemelex Xobeh.
 45014 | Depths:3 | Identified the +6 demon trident "Dragonslayer" {flame,
                  | rPois Dex-2 SInv} (Trog gifted it to you on level 3 of the
                  | Depths)
 45014 | Depths:3 | Received a gift from Trog
 45483 | Depths:3 | Found Zapaikamm's Book Boutique.
 45483 | Depths:3 | Found Ocuu's Jewellery Emporium.
 45484 | Depths:3 | Found Rogixeigh's Jewellery Emporium.
 45494 | Depths:3 | Bought the amulet "Aluyz" {Harm Regen+ Dex+4 Slay+2} for
                  | 860 gold pieces
 45705 | Depths:4 | Entered Level 4 of the Depths
 45773 | Depths:4 | Reached XP level 25. HP: 226/246 MP: 22/22
 45864 | Depths:4 | Found Borobuisk's Assorted Antiques.
 45864 | Depths:4 | Found Lepsemm's Weapon Boutique.
 45885 | Depths:4 | Bought a scroll of teleportation for 99 gold pieces
 45885 | Depths:4 | Bought a scintillating bone ring for 165 gold pieces
 45885 | Depths:4 | Identified the ring of the Pharaoh's Fist {rElec rPois rF-
                  | Int+6 Dex+4} (You bought it in a shop on level 4 of the
                  | Depths)
 46059 | Depths:4 | Noticed Mennas
 46075 | Depths:4 | Killed Mennas
 46135 | Depths:4 | Received a gift from Trog
 46252 | Depths:4 | Found a gate to the Realm of Zot.
 46666 | Depths:4 | Found an ornate altar of the Wu Jian Council.
 46866 | Depths:4 | Acquired a manual of Axes
 46870 | Depths:4 | Acquired the +8 trishula "Condemnation" {holy, anguish,
                  | *Noise Fly rN+}
 46870 | Depths:4 | Found the +8 trishula "Condemnation" {holy, anguish, *Noise
                  | Fly rN+}
 47529 | Vaults:5 | Entered Level 5 of the Vaults
 47535 | Vaults:5 | Reached skill level 15 in Axes
 47545 | Vaults:5 | Received a gift from Trog
 47553 | Vaults:5 | Noticed a dread lich
 47574 | Vaults:5 | Killed a dread lich
 47675 | Vaults:5 | Noticed an ancient lich
 47680 | Vaults:5 | Killed an ancient lich
 47693 | Vaults:5 | Noticed a dread lich
 47697 | Vaults:5 | Noticed a dread lich
 47701 | Vaults:5 | Received a gift from Trog
 47715 | Vaults:5 | Killed a dread lich
 47716 | Vaults:5 | Reached XP level 26. HP: 76/257 MP: 22/22
 47826 | Vaults:5 | Identified the ring of Intercession {Str+3 Dex+6}
 47973 | Vaults:5 | Got a silver rune of Zot
 48025 | Vaults:5 | Killed a dread lich
 48211 | Vaults:5 | Noticed an ancient lich
 48219 | Vaults:5 | Killed an ancient lich
 48225 | Vaults:5 | Noticed an ancient lich
 48231 | Vaults:5 | Killed an ancient lich
 48257 | Vaults:5 | Identified the +4 hand axe of Fanlihac {flame, rF- Str+4}
                  | (Trog gifted it to you on level 5 of the Vaults)
 48257 | Vaults:5 | Received a gift from Trog
 48260 | Vaults:5 | Found Petizxap's Magic Scroll Emporium.
 48287 | Vaults:5 | Found Jaen's Distillery.
 48346 | Vaults:5 | Found Tuec's Magic Scroll Shoppe.
 48374 | Vaults:5 | Found Tyzunel's Magic Scroll Shop.
 48379 | Vaults:5 | Bought a scroll of blinking for 97 gold pieces
 48379 | Vaults:5 | Bought a scroll of enchant armour for 97 gold pieces
 48580 | Vaults:5 | Found Tiekerr's Magic Scroll Emporium.
 48584 | Vaults:5 | Bought a scroll of teleportation for 42 gold pieces
 48584 | Vaults:5 | Bought a scroll of teleportation for 42 gold pieces
 49520 | Crypt:1  | Entered Level 1 of the Crypt
 50823 | Orc:2    | Bought the +4 pearl dragon scales "Hakhogus" {rN+ Will+}
                  | for 1703 gold pieces
 51238 | Crypt:2  | Received a gift from Trog
 51282 | Crypt:2  | Found a magical portal.
 51288 | WizLab   | Entered Tukima's Studio
 51345 | WizLab   | Noticed nitefall's illusion
 51377 | WizLab   | Noticed nitefall's illusion
 51403 | WizLab   | Noticed nitefall's illusion
 51406 | WizLab   | HP: 10/254 [living spell/divine providence[a walking divine
                  | tome] (14)]
 51408 | WizLab   | HP: 3/254 [living spell/divine providence[a walking divine
                  | tome] (12)]
 51437 | WizLab   | Identified the +0 hat of Lugonu's Reproof {rPois rN++ rCorr
                  | Str+2}
 51449 | WizLab   | Identified the +1 leather armour of Dogma {rPois MP+9}
 51823 | Crypt:2  | Found a shimmering altar of Xom.
 52077 | Crypt:3  | Entered Level 3 of the Crypt
 52289 | Crypt:3  | Found a staircase to the Tomb.
 52340 | Crypt:3  | Received a gift from Trog
 52854 | Crypt:3  | Found an ancient bone altar of Kikubaaqudgha.
 52897 | Crypt:3  | Noticed a dread lich
 52905 | Crypt:3  | Killed a dread lich
 53013 | Crypt:3  | Reached XP level 27. HP: 270/270 MP: 22/22
 53083 | Crypt:3  | Identified the +8 war axe of Absolution {heavy, rElec rC+}
                  | (Trog gifted it to you on level 3 of the Crypt)
 53083 | Crypt:3  | Received a gift from Trog
 53455 | Crypt:3  | Identified the staff "Otsit" {rC+ rN+ Will+ Necro}
 53963 | Hell     | Entered the Vestibule of Hell
 53963 | Hell     | Noticed Geryon
 53970 | Hell     | Noticed Murray
 53998 | Hell     | Killed Murray
 54019 | Hell     | Killed Geryon
 54075 | Hell     | Found a gateway to the freezing wastes of Cocytus.
 54080 | Hell     | Received a gift from Trog
 54257 | Hell     | Found a gateway to the decaying netherworld of Tartarus.
 54312 | Hell     | Found a gateway to the ashen valley of Gehenna.
 54443 | Hell     | Found a gateway to the Iron City of Dis.
 54861 | Zot:1    | Entered Level 1 of the Realm of Zot
 55983 | Zot:2    | Found a runed translucent gate.
 55983 | Zot:2    | Found a runed translucent gate.
 55983 | Zot:2    | Found a runed translucent gate.
 55986 | Zot:2    | Noticed Icycared's ghost (master GrFi)
 55990 | Zot:2    | Found a viscous altar of Jiyva.
 56005 | Zot:2    | Reached skill level 27 in Armour
 56026 | Zot:2    | Killed Icycared's ghost
 56029 | Zot:2    | Reached skill level 27 in Fighting
 56066 | Zot:2    | Identified the +1 long sword of Dawn {freeze, *Rage rPois
                  | rCorr Dex-4}
 56150 | Zot:2    | Identified the +10 battleaxe "Saerorcho" {venom, rF+ MP-9
                  | Int+4 Dex+2}
 56498 | Zot:2    | Received a gift from Trog
 57071 | Zot:3    | Noticed an orb of fire
 57073 | Zot:3    | Gained mutation: You occasionally lose the ability to read
                  | scrolls when taking damage. [an orb of fire]
 57079 | Zot:3    | Gained mutation: Your body sometimes deteriorates upon
                  | taking damage. [an orb of fire]
 57080 | Zot:3    | Killed an orb of fire
 57355 | Zot:3    | Found a transporter.
 57355 | Zot:3    | Found a transporter.
 57355 | Zot:3    | Identified the +9 sling of Gyadeof {antimagic, rPois}
 57436 | Zot:3    | Found a transporter.
 57437 | Zot:3    | Found a transporter.
 57439 | Zot:3    | Found a transporter.
 57442 | Zot:3    | Identified the ring of Saaphuss {rF+ Dex+2 SInv}
 57711 | Zot:3    | Identified the +1 pair of gloves of the Doomed God {rN+
                  | Stlth+}
 57931 | Zot:3    | Identified the ring "Merhe" {rC- Will++ rCorr EV+5}
 57970 | Zot:3    | Received a gift from Trog
 58050 | Zot:4    | Noticed an orb of fire
 58052 | Zot:4    | Gained mutation: You are vulnerable to cold. (rC-) [an orb
                  | of fire]
 58062 | Zot:4    | Gained mutation: You passively map a small area around you.
                  | [an orb of fire]
 58064 | Zot:4    | Gained mutation: Armour fits poorly on your strangely
                  | shaped body. [an orb of fire]
 58067 | Zot:4    | Killed an orb of fire
 58084 | Zot:4    | Lost mutation: You occasionally lose the ability to read
                  | scrolls when taking damage. [potion of mutation]
 58084 | Zot:4    | Lost mutation: You are dopey. (Int -2) [potion of mutation]
 58084 | Zot:4    | Gained mutation: You occasionally lose the ability to drink
                  | potions when taking damage. [potion of mutation]
 58084 | Zot:4    | Gained mutation: You have sharp toenails. [potion of
                  | mutation]
 58085 | Zot:4    | Lost mutation: You are vulnerable to cold. (rC-) [potion of
                  | mutation]
 58085 | Zot:4    | Lost mutation: Armour fits poorly on your strangely shaped
                  | body. [potion of mutation]
 58085 | Zot:4    | Gained mutation: Your system is resistant to poisons.
                  | (rPois) [potion of mutation]
 58085 | Zot:4    | Gained mutation: You have a somewhat thin skeletal
                  | structure. (Dex +2, Stealth+) [potion of mutation]
 58086 | Zot:4    | Lost mutation: You have a somewhat thin skeletal structure.
                  | (Dex +2, Stealth+) [potion of mutation]
 58086 | Zot:4    | Lost mutation: You have sharp toenails. [potion of
                  | mutation]
 58086 | Zot:4    | Lost mutation: Your body sometimes deteriorates upon taking
                  | damage. [potion of mutation]
 58086 | Zot:4    | Gained mutation: You possess an exceptional clarity of
                  | mind. [potion of mutation]
 58086 | Zot:4    | Gained mutation: You do not regenerate when monsters are
                  | visible. [potion of mutation]
 58086 | Zot:4    | Gained mutation: You are vulnerable to heat. (rF-) [potion
                  | of mutation]
 58087 | Zot:4    | Lost mutation: You are vulnerable to heat. (rF-) [potion of
                  | mutation]
 58087 | Zot:4    | Lost mutation: You do not regenerate when monsters are
                  | visible. [potion of mutation]
 58087 | Zot:4    | Gained mutation: You are clumsy. (Dex -2) [potion of
                  | mutation]
 58087 | Zot:4    | Gained mutation: You are covered in fur. (AC +1) [potion of
                  | mutation]
 58087 | Zot:4    | Gained mutation: You expend magic power (3 MP) to
                  | strengthen your wands. [potion of mutation]
 58156 | Zot:4    | Reached skill level 27 in Shields
 58354 | Zot:4    | Identified the +0 scale mail of Quantum Leap {rF++ rC+
                  | Dex-3}
 58370 | Zot:4    | Gained mutation: You occasionally lose the ability to read
                  | scrolls when taking damage. [mutagenic glow]
 58737 | Zot:4    | Received a gift from Trog
 58923 | Zot:4    | Identified the +7 mace "Zischasma" {vamp, ^Contam rPois
                  | Str+3}
 58970 | Zot:5    | Entered Level 5 of the Realm of Zot
 59076 | Zot:5    | Reached skill level 27 in Dodging
 59118 | Zot:5    | Noticed an ancient lich
 59119 | Zot:5    | Noticed an orb of fire
 59124 | Zot:5    | Killed an ancient lich
 59129 | Zot:5    | HP: 8/273 [orb of fire/bolt of fire (6)]
 59130 | Zot:5    | Gained mutation: Your body sometimes deteriorates upon
                  | taking damage. [an orb of fire]
 59130 | Zot:5    | Demolished by an Orb Guardian

Illustrated notes

Levels and vault maps discovered:
D:1:      scummos_arrival_checkerplants, layout_basic,
          shapermc_ecumenical_altar_mp_urbaneastern
D:2:      layout_basic, serial_corexii_hall, corexii_hall_statues_t,
          corexii_hall_statues_l, basic_altar, kennysheep_generic_room_8
D:3:      layout_loops_corners, nrook_mini_vaults, dreamdust_mushroom_princess,
          columned_hall_lemuel
D:4:      layout_basic, minitemple, minmay_misc_feat_enclosed,
          minmay_hedge_maze, uniq_sigmund
D:5:      layout_loops_ring, minmay_temple_entry_stoned_glass,
          corexii_corridor_pit, minmay_manual_monolith, uniq_ijyb,
          uniq_prince_ribbit1, uniq_duvessa
D:6:      layout_basic, old_standard_altar
D:7:      layout_loops_cross, uniq_maggie, uniq_pikel, uniq_menkaure
D:8:      layout_loops_ring, mainiacjoe_overflow_chevrons,
          gammafunk_temple_overflow_pools, serial_shops, nicolae_shop_trees,
          kennysheep_potato
D:9:      layout_basic, nicolae_ru_great_annihilating_truth, orc_david_3,
          serial_glass, glass_columns_b, glass_columns_a,
          gammafunk_ghost_hydra_chop, kennysheep_generic_room_16
D:10:     minmay_the_grid_four_pointed_star
          [minmay_the_grid_triangle_9x9_flanged_cone,
          minmay_the_grid_triangle_9x9_stretched_checkered,
          minmay_the_grid_triangle_9x9_thin_v,
          minmay_the_grid_triangle_9x9_warning, minmay_the_grid_prize_big_room],
          layout_long_grid
D:11:     layout_small_grid, uniq_grum
D:12:     layout_gridville, gammafunk_ghost_smash, nicolae_hydra_factorization
D:13:     layout_cave_pools, gauntlet_entry_generic, nicolae_specific_store
D:14:     layout_small_grid, grunt_vaults_entry_tiered, patterned_corridor
D:15:     gammafunk_enter_depths_forms, layout_cave_pools,
          grunt_dithmenos_smoke, marbit_kobold_abyssish
Lair:1:   layout_cave_pods, infiniplex_staircase_pool_2, grunt_megastairs_5
Lair:2:   layout_cave_pods, elwin_shoals_entry_stream,
          guppyfry_snake_entry_island, uniq_fannar
Lair:3:   layout_chaotic_city, grunt_forest_large_clearings, uniq_nessos
Lair:4:   nzn_motion_control, layout_regular_city
Lair:5:   due_jungle_book, layout_gridlike, slime_entry_1, basic_altar,
          minmay_lair_drake_nest
Shoals:1: layout_shoals
Shoals:2: nicolae_shoals_aurelia_aurita, layout_shoals, uniq_ilsuiw,
          uniq_polyphemus, uniq_louise
Shoals:3: layout_shoals, nicolae_shoals_drake_roost, uniq_bai_suzhen
Shoals:4: shoals_end_hellmonk_storm_palace [storm_palace_center_ruins,
          storm_palace_corner_narrow, storm_palace_corner_blocked,
          storm_palace_corner_reverse_hut, storm_palace_corner_grid]
Snake:1:  layout_cave_pods, hangedman_snake_corridor_split
Snake:2:  layout_onion, serial_shops, nicolae_shop_stone,
          nicolae_snake_gridmaze_big_u
Snake:3:  layout_gridlike, serial_curves, eino_curves_04, eino_curves_03,
          eino_curves_01, serial_shops, bzr_firewalk, nicolae_shop_behind_doors
Snake:4:  johnstein_snake_rune_scales, layout_cave_town, uniq_nikola
Orc:1:    layout_caves, uniq_jorgrun
Orc:2:    st_orc_rangers, layout_caves, nicolae_volcano_entry_s_turn,
          uniq_saint_roka
Elf:1:    layout_onion_city, serial_shops, nicolae_diamond_shop,
          minmay_elf_demonology, minmay_misc_feat_cross, uniq_norris,
          uniq_roxanne, uniq_asterion, uniq_donald, uniq_agnes, uniq_zenata
Elf:2:    nicolae_elf_blades_crystal_corner, layout_onion_city,
          ploomutoo_gammafunk_ghost_potion_laboratory
Elf:3:    minmay_elf_hall_four_x, layout_loops_ring, serial_shops,
          nicolae_shop_competitors_out_of_business, nicolae_shop_behind_doors,
          shop, nicolae_shop_dealshenge, shop, nicolae_nh_oracle_at_delphi
Vaults:1: hangedman_vaults_cutoff, dpeg_vaults_monster_box,
          abrahamwl_protected_by_tso_3, grunt_vaults_hallway_short,
          vaults_standard_mumra_lines, nicolae_vaults_storage_closets_1,
          vaults_room_door_hall, nicolae_vaults_circle_grid_a,
          layout_vaults_quadrants, serial_shops, shop
Vaults:2: dpeg_vaults_monster_row, ontoclasm_vaults_fault, st_lattice,
          vaults_dpeg_encased_lava, ontoclasm_vaults_pinch,
          nicolae_vaults_puzzle_piece, nicolae_vaults_what_the_h,
          nicolae_vaults_three_branches, nicolae_vaults_ninety_degrees,
          v_pattern_2, nicolae_vaults_angled_halls, vaults_room_pools,
          nicolae_vaults_trapezoid_3, v_misc_19,
          nicolae_vaults_ring_of_whatevers, layout_vaults_ring, uniq_sojobo
Vaults:3: nicolae_vaults_bisected_slash, nicolae_vaults_big_angled_halls,
          minmay_crypt_entry_simple_plaza, nicolae_vaults_house_1, v_rooms_6,
          nicolae_vaults_trapezoid_lopsided_1,
          nicolae_vaults_heart-shaped_vault, v_misc_33,
          nicolae_vaults_tetromino_T_1, layout_vaults_omnicross
Vaults:4: nicolae_vaults_taking_the_gang_shopping, ontoclasm_vaults_spin,
          nicolae_vaults_variable_pillar_hall, kennysheep_ogre_elephant_herders,
          hangedman_vaults_restitches, nicolae_vaults_big_ls,
          nicolae_vaults_closet_pinwheel_3, ontoclasm_vaults_eye,
          nicolae_vaults_tetromino_Z_1, layout_vaults_chaotic_city
Vaults:5
Crypt:1:  layout_catacombs
Crypt:2:  layout_misc_corridors, infiniplex_enter_wizlab_spiral, basic_altar
Crypt:3:  quadcrypt_mu
Depths:1: regret_index_infernal_bastille, layout_twisted_cross, hell_entry,
          serial_shops, nicolae_shop_industrial_runoff,
          serial_sigils_hangedman_leer, nicolae_sif_muna_little_library
Depths:2: regret_index_malice_mire, layout_cave_pools, enter_ziggurat_e,
          rand_demon_pan_entry_5, grunt_decor_mini_mirrors, serial_shops, shop,
          pf_hell_entry_tar_river, infiniplex_staircase_zigzag_4
Depths:3: minmay_diamond_stairs, layout_honeycomb, abyss_entry, hell_entry,
          nemelex_lonely_heart_becter, minmay_shop_grove,
          minmay_staircase_bubble, uniq_grunn, uniq_margery
Depths:4: lemuel_castle_with_subvaults [lemuel_castle_interior_carwin_3],
          layout_honeycomb, pan_entry, lemuel_doored_altar,
          grunt_hell_entry_dis_mu, minmay_shoptagon, uniq_mennas
Hell
Zot:1:    layout_basic
Zot:2:    layout_twisted_circle, gammafunk_ghost_ooze
Zot:3:    gammafunk_the_bubble [the_bubble_gammafunk_roulette],
          layout_concentric_octagons, drop_trap
Zot:4:    cheibrodos_zot_enchanting_chambers, layout_misc_corridors
Zot:5:    layout_misc_corridors

Skill      XL: |  1  2  3  4  5  6  7  8  9 10 11 12 13 14 15 16 17 18 19 20 21 22 23 24 25 26 27 |
---------------+----------------------------------------------------------------------------------+-----
Throwing       | 1 2 3 4 5 6 8 |  8.0
Fighting       | 4 5 6 7 8 9 11 12 13 14 15 17 18 19 20 21 23 24 25 26 27 | 27.0
Maces & Flails | 4 5 |  5.4
Armour         | 3 4 5 6 8 9 11 12 13 14 15 17 18 19 20 21 23 24 25 26 27 | 27.0
Dodging        | 3 4 5 6 7 8 9 11 12 13 15 16 17 18 19 20 21 22 23 24 27 | 27.0
Polearms       | 2 4 6 11 16 | 16.0
Shields        | 5 8 10 11 13 15 16 17 18 20 21 22 24 25 27 | 27.0
Evocations     | 4 6 8 |  8.0
Axes           | 13 14 16 19 24 | 24.7

Action                     |  1- 3 |  4- 6 |  7- 9 | 10-12 | 13-15 | 16-18 | 19-21 | 22-24 | 25-27 || total
---------------------------+-------+-------+-------+-------+-------+-------+-------+-------+-------++-------
  Melee: Mace              |    68 |    54 |       |       |       |       |       |       |       ||   122
         Headbutt          |     9 |    13 |    22 |   104 |   239 |   230 |   181 |   425 |   537 ||  1760
         Trident           |       |    10 |   233 |   659 |   556 |       |       |       |       ||  1458
         Punch             |       |     1 |     2 |     1 |    18 |       |       |       |       ||    22
         Broad axe         |       |       |       |       |   334 |   810 |   745 |  1260 |  1611 ||  4760
  Throw: Boomerang         |       |       |       |       |    17 |     3 |    11 |     1 |     1 ||    33
         Javelin           |       |       |       |       |       |       |       |       |     3 ||     3
 Invoke: Berserk           |       |     1 |     1 |     3 |     2 |     2 |       |       |       ||     9
         Trog's Hand       |       |       |     1 |     6 |     4 |     7 |     6 |     4 |     9 ||    37
         Brothers in Arms  |       |       |       |     2 |     2 |     4 |     4 |     1 |     5 ||    18
  Evoke: Wand              |       |       |       |       |     3 |       |       |       |    10 ||    13
    Use: Scroll            |       |       |       |    18 |    10 |     9 |    12 |       |    10 ||    59
         Potion            |       |       |       |     1 |     1 |     2 |     4 |       |    16 ||    24
   Stab: Sleeping          |       |     1 |       |       |       |       |       |       |       ||     1
         Petrified         |       |       |       |       |     1 |       |       |       |       ||     1
         Distracted        |       |       |       |       |     1 |    17 |    12 |    26 |    39 ||    95
         Paralysed         |       |       |       |       |       |       |       |     1 |       ||     1
         Invisible         |       |       |       |       |       |       |       |       |     3 ||     3
 Armour: Animal skin       |    35 |    16 |       |       |       |       |       |       |       ||    51
         Chain mail        |       |    26 |    96 |       |       |       |       |       |       ||   122
         Ring mail         |       |       |    82 |   446 |   397 |       |       |       |       ||   925
         Plate armour      |       |       |       |       |    92 |   206 |       |       |       ||   298
         Crystal plate arm |       |       |       |       |       |   257 |   295 |   391 |   503 ||  1446
         Pearl dragon scal |       |       |       |       |       |       |       |       |    25 ||    25
  Dodge: Dodged            |    50 |    38 |   109 |   374 |   457 |   197 |   132 |   256 |   435 ||  2048
  Block: Other             |       |       |       |    41 |   126 |       |       |       |       ||   167
         Reflection        |       |       |       |     3 |    21 |   110 |   125 |    84 |    43 ||   386
         Tower shield      |       |       |       |       |   108 |   951 |   750 |  1472 |  1724 ||  5005
